 Dungeon Crawl Stone Soup version 0.31-a0-988-g08d55dae12 (webtiles) character file.

Game seed: 16647746032038951110

109 BinkBink the Trooper (level 4, -1/30 HPs)
             Began as a Gargoyle Fighter on Nov 4, 2023.
             Was an Initiate of Okawaru.
             Slain by a gnoll
             ... wielding a +0 flail
              (4 damage)
             ... on level 3 of the Dungeon.
             The game lasted 00:02:14 (1919 turns).

BinkBink the Trooper (Gargoyle Fighter)             Turns: 1919, Time: 00:02:15

Health: -1/30      AC: 10    Str: 22    XL:     4   Next: 89%
Magic:  4/4        EV:  9    Int:  8    God:    Okawaru [......]
Gold:   201        SH:  4    Dex:  9    Spells: 3/3 levels left

rFire   . . .        a - +0 flail
rCold   . . .        c - +0 buckler
rNeg    + . .        b - +0 scale mail
rPois   ∞            (no helmet)
rElec   +            (no cloak)
rCorr   .            (no gloves)
SInv    .            (no boots)
Will    .....        (no amulet) Stlth
                     (no ring)
HPRegen 0.25/turn    (no ring)
MPRegen 0.09/turn

%: no passive effects
@: mighty
A: sickness immunity, AC +3, negative energy resistance 1, electricity
resistance, torment resistance 1, petrification resistance
a: Renounce Religion


You were on level 3 of the Dungeon.
You worshipped Okawaru.
Okawaru was noncommittal.
You visited 1 branch of the dungeon, and saw 3 of its levels.

You collected 201 gold pieces.

Inventory:

Hand Weapons
 a - a +0 flail (weapon)
Armour
 b - a +0 scale mail (worn)
 c - a +0 buckler (worn)
Jewellery
 i - a +6 ring of dexterity
Wands
 n - a wand of roots (7)
Scrolls
 e - 4 scrolls of identify {unknown}
 f - a scroll of blinking {unknown}
 h - a scroll of summoning {unknown}
 l - a scroll of brand weapon {unknown}
 m - a scroll of enchant weapon {unknown}
 o - a scroll of silence {unknown}
Potions
 g - a potion of brilliance {unknown}
 j - 2 potions of lignification {unknown}
 k - a potion of cancellation {unknown}


   Skills:
 * Level 4.4 Fighting
 + Level 2.6 Maces & Flails
 + Level 3.8 Armour
 + Level 1.1 Dodging
 + Level 3.8 Shields


You had 3 spell levels left.
You didn't know any spells.
Your spell library contained the following spells:

 Spells                   Type           Power      Damage    Failure   Level
 Freeze                   Ice            0%         1d3       80%         1
 Poisonous Vapours        Pois/Air       0%         N/A       90%         2
 Scorch                   Fire           0%         2d5       90%         2
 Frozen Ramparts          Ice            0%         1d1       99%         3
 Hailstorm                Conj/Ice       0%         3d3       99%         3
 Ignite Poison            Fire/Tmut/Pois 0%         N/A       99%         3
 Mephitic Cloud           Conj/Pois/Air  0%         N/A       99%         3
 Flame Wave               Conj/Fire      0%         2d4       100%        4
 Sticky Flame             Conj/Fire      0%         2d3       100%        4
 Freezing Cloud           Conj/Ice/Air   0%         6-21      100%        5
 Ignition                 Fire           0%         3d3       100%        8
 Summon Cactus Giant      Summ           Unusable   N/A       N/A         6

Dungeon Overview and Level Annotations

Branches:
Dungeon (3/15)

Altars:
Okawaru


Innate Abilities, Weirdness & Mutations

You are immune to sickness and miasma.
Your stone body is resilient. (AC +3)
You are immune to poison.
You resist negative energy. (rN+)
You are resistant to electric shocks. (rElec)
You are resistant to unholy torment.
You are immune to petrification.


Message History

Okawaru accepts your kill.
No target in view!
No target in view!
You now have 201 gold pieces (gained 13).
Key pressed, stopping explore.
A rat comes into view.
The rat bites you but does no damage.
You thump the rat!
You kill the rat!
Okawaru accepts your kill.
No target in view!
No target in view!
Done exploring.
Done exploring.
There is a stone staircase leading up here.
You climb upwards.
The gnoll hits you with a +0 flail.
There is a stone staircase leading down here.
The gnoll hits you with a +0 flail! The gnoll closely misses you.
You climb downwards.
There is a stone staircase leading up here.
You closely miss the gnoll. The gnoll barely misses you. x2
You closely miss the gnoll. The gnoll hits you with a +0 flail.
The gnoll closely misses you. The gnoll barely misses you.
You block the gnoll's attack.
You thump the gnoll!
The gnoll is heavily wounded.
The gnoll hits you with a +0 flail. x2
* * * LOW HITPOINT WARNING * * *
You feel very mighty all of a sudden.
The gnoll hits you but does no damage. x2
You barely miss the gnoll.
The gnoll is heavily wounded.
The gnoll hits you with a +0 flail!
* * * LOW HITPOINT WARNING * * *
The gnoll hits you but does no damage.
You sock the gnoll!
You kill the gnoll!
Okawaru accepts your kill. The gnoll hits you with a +0 flail.
You die...

..............#########
############..........#
# #.....##.#.# #
#####.##.#.# # #.##.#.#
#.##.#.########### ##
#.##.............# .#
#)####.#########.# .#
#@g.##.# #....# .#
###.##.# #.#### .#
#.##.# #.# .# #.##.#
#># .# #.##.# #.# .#
#.##.# #.# .# #.##.####
#.# ## #.##....# #.# #
#.#####.# #.#


You could see a gnoll.

Vanquished Creatures
  Jessica (D:2)
  Terence (D:2)
  An adder (D:3)
  A gnoll (D:3)
  A worm (D:3)
  A dart slug (D:1)
  3 bats
  6 endoplasms
  2 giant cockroaches (D:1)
  2 goblins (D:3)
  5 hobgoblins
  4 jackals (D:1)
  3 kobolds
  2 quokkas (D:1)
  3 ball pythons (D:1)
  3 frilled lizards (D:1)
  A rat (D:3)
40 creatures vanquished.

Notes
Turn   | Place    | Note
-------+----------+-------------------------------------------
     0 | D:1      | BinkBink the Gargoyle Fighter began the quest for the Orb.
     0 | D:1      | Reached XP level 1. HP: 14/14 MP: 1/1
   121 | D:1      | Reached XP level 2. HP: 19/19 MP: 2/2
   125 | D:1      | Found a faded altar of an unknown god.
   464 | D:1      | Reached XP level 3. HP: 18/24 MP: 3/3
   928 | D:2      | Found an iron altar of Okawaru.
   936 | D:2      | Noticed Terence
   938 | D:2      | Became a worshipper of Warmaster Okawaru
   947 | D:2      | Killed Terence
   948 | D:2      | Reached skill level 4 in Fighting
  1032 | D:2      | Noticed Jessica
  1050 | D:2      | Killed Jessica
  1051 | D:2      | Reached XP level 4. HP: 13/29 MP: 4/4
  1229 | D:3      | Reached skill level 1 in Dodging
  1919 | D:3      | Slain by a gnoll

Illustrated notes

Levels and vault maps discovered:
D:1:      wander_arrival_abandoned_jail, layout_basic,
          ebering_ecumenical_altar_rust
D:2:      layout_basic, basic_altar, uniq_jessica, uniq_terence
D:3:      layout_loops_ring

Skill      XL: |  1  2  3  4 |
---------------+-------------+-----
Fighting       | 4 |  4.4
Dodging        | 1 |  1.1
Maces & Flails | |  2.6
Armour         | |  3.8
Shields        | |  3.8

Action                     |  1- 3 |  4- 6 || total
---------------------------+-------+-------++-------
  Melee: Flail             |   101 |    60 ||   161
    Use: Potion            |       |     1 ||     1
 Armour: Scale mail        |    87 |    49 ||   136
  Dodge: Dodged            |    46 |    32 ||    78
  Block: Buckler           |    13 |    13 ||    26

Table legend: (Time is in decaauts)
 A = Elapsed time spent in this place.
 B = Non-inter-level travel time spent in this place.
 C = Inter-level travel time spent in this place.
 D = Time resting spent in this place.
 E = Time spent auto-exploring this place.
 F = Levels seen in this place.
 G = Mean time per level.
                   A        B        C        D        E       F      G
               +--------+--------+--------+--------+--------+-----+--------+
         Total |   1970 |   1905 |     65 |    139 |   1379 |   3 |  656.7 |
       Dungeon |   1970 |   1905 |     65 |    139 |   1379 |   3 |  656.7 |
               +--------+--------+--------+--------+--------+-----+--------+

Top non-repeatable levels by time:
     D:1: 922 daAuts
     D:3: 762 daAuts
     D:2: 285 daAuts
